 Dungeon Crawl Stone Soup version 0.31-a0-236-g9a0961fb85 (webtiles) character file.

Game seed: 10420685736630674004

404 qw the Shooter (level 6, -5/52 HPs)
             Began as a Minotaur Hexslinger on July 10, 2023.
             Slain by a killer bee (6 damage)
             ... on level 4 of the Dungeon.
             The game lasted 00:01:00 (2155 turns).

qw the Shooter (Minotaur Hexslinger)                Turns: 2155, Time: 00:01:01

Health: -5/52      AC:  7    Str: 16    XL:     6   Next: 56%
Magic:  6/6        EV: 11    Int: 10    God:
Gold:   86         SH:  0    Dex: 15    Spells: 6/7 levels left

rFire   . . .        Y - +1 sling
rCold   . . .        (no shield)
rNeg    . . .        l - +0 ring mail
rPois   .            (helmet restricted)
rElec   .            (no cloak)
rCorr   .            a - +1 pair of gloves
SInv    .            (no boots)
Will    .....        d - amulet of regeneration
Stlth   +            e - +6 ring of strength
HPRegen 1.08/turn    (no ring)
MPRegen 0.10/turn

%: no passive effects
@: lethally poisoned (-5 -> -7), about to teleport
A: horns 2, retaliatory headbutt, weak 1
a: no special abilities


You were on level 4 of the Dungeon.
You visited 1 branch of the dungeon, and saw 4 of its levels.

You collected 86 gold pieces.


Innate Abilities, Weirdness & Mutations

You have a pair of horns on your head.
You reflexively headbutt those who attack you in melee.
You are weak. (Str -2)


   Skills:
 - Level 4.0 Fighting
 + Level 6.7 Ranged Weapons
 - Level 1.0 Armour
 - Level 2.1 Dodging
 - Level 1.0 Spellcasting
 - Level 2.0 Hexes


You had 6 spell levels left.
You knew the following spells:

 Your Spells              Type           Power      Damage    Failure   Level
a - Slow                  Hex            16%        N/A       28%         1

Your spell library contained the following spells:

 Spells                   Type           Power      Damage    Failure   Level
 Inner Flame              Hex/Fire       2%         N/A       78%         3
 Portal Projectile        Hex/Tloc       4%         N/A       78%         3
 Cause Fear               Hex            2%         N/A       96%         4

Inventory:

Hand Weapons
 Y - a +1 sling (weapon)
Armour
 a - a +1 pair of gloves (worn)
 l - a +0 ring mail (worn)
Jewellery
 d - an amulet of regeneration (around neck)
 e - a +6 ring of strength (left hand)
Scrolls
 h - a scroll of identify
 m - a scroll of teleportation
Potions
 b - a potion of curing
 c - a potion of heal wounds {unknown}
 f - a potion of resistance
 g - a potion of brilliance {unknown}
 i - a potion of mutation
 k - a potion of enlightenment {unknown}
 o - a potion of might {unknown}

Dungeon Overview and Level Annotations

Branches:
Dungeon (4/15)
 Temple: D:4-7

Altars:
Hepliaklqana


Message History

You shoot a sling bullet.
The sling bullet closely misses the killer bee.
The killer bee stings you but does no damage.
The killer bee stings you! The killer bee stings you.
The killer bee stings you but does no damage.
The killer bee closely misses you. The killer bee barely misses you.
The killer bee closely misses you.
You shoot a sling bullet. The sling bullet misses the killer bee.
The killer bee stings you. x2; The killer bee misses you.
The killer bee closely misses you. The killer bee barely misses you.
The killer bee stings you.
You are poisoned.
The killer bee poisons you!
The killer bee stings you but does no damage.
You shoot a sling bullet.
The sling bullet barely misses the killer bee.
You feel very sick. The killer bee closely misses you.
The killer bee stings you but does no damage.
The killer bee closely misses you. You furiously retaliate!
You headbutt the killer bee! The killer bee closely misses you.
The killer bee stings you but does no damage.
The killer bee stings you.
The killer bee stings you but does no damage. x2
You shoot a sling bullet. The sling bullet hits the killer bee.
You kill the killer bee!
You feel sick. The killer bee closely misses you.
The killer bee completely misses you. The killer bee barely misses you.
The killer bee stings you. The killer bee stings you!
You are more poisoned.
The killer bee poisons you! The killer bee stings you.
The killer bee stings you but does no damage.
The killer bee stings you. x2
Your Fighting skill increases to level 4!
2155 ||| READING 2 scrolls of teleportation.
As you read the scroll of teleportation, it crumbles to dust.
You feel strangely unstable.
You feel very sick. The killer bee stings you.
You die...

...........)#.#.......#
.##<....##..........##
.. #......#.......#.##
...# ###)#.###.#..#####
.... ##.#.###...%# #..#
#.)#........#
.##..##...........####
........##..##.......##
.........#..###y@y....#
............# #.y%...##
...........## #..##.##
......#...#####... ##
......##<....##..#
.....# #.........#
..... #.......... ....#
#.......... ....
.......#.


You could see 3 killer bees.

Vanquished Creatures
  Grinder (D:3)
  A killer bee (D:4)
  An orc wizard (D:4)
  An iguana (D:4)
  A gnoll (D:1)
  3 adders (D:2)
  4 dart slugs
  4 orcs
  5 ball pythons
  5 bats
  11 endoplasms
  3 giant cockroaches
  5 goblins
  7 hobgoblins
  2 jackals (D:1)
  3 kobolds
  2 quokkas
  6 frilled lizards
  5 rats
70 creatures vanquished.

Notes
Turn   | Place    | Note
-------+----------+-------------------------------------------
     0 | D:1      | qw the Minotaur Hexslinger began the quest for the Orb.
     0 | D:1      | Reached XP level 1. HP: 16/16 MP: 1/1
     0 | D:1      | 0 ||| qw: Version: 0.3-a-51-g015441d
     0 | D:1      | 0 ||| qw: Game counter: 4463
     0 | D:1      | 0 ||| qw: Melee chars always use a shield: true
     0 | D:1      | 0 ||| qw: God list: Okawaru
     0 | D:1      | 0 ||| qw: Allow faded altars: false
     0 | D:1      | 0 ||| qw: Do Orc after clearing Dungeon:15 true
     0 | D:1      | 0 ||| qw: Do second Lair branch before Depths: true
     0 | D:1      | 0 ||| qw: Lair rune preference: random
     0 | D:1      | 0 ||| qw: Goals: Normal
     0 | D:1      | 0 ||| PLANNING D:1-11
   130 | D:1      | Reached skill level 3 in Ranged Weapons
   134 | D:1      | Reached XP level 2. HP: 23/23 MP: 2/2
   206 | D:1      | Reached XP level 3. HP: 30/30 MP: 3/3
   856 | D:1      | 856 ||| UPGRADING to +0 leather armour.
   866 | D:1      | 866 ||| DROPPING +0 robe.
   867 | D:1      | 867 ||| UPGRADING to +0 ring mail.
   877 | D:1      | 877 ||| DROPPING +0 leather armour.
   878 | D:1      | 878 ||| UPGRADING to amulet of regeneration.
   883 | D:1      | 883 ||| UPGRADING to +6 ring of strength.
   884 | D:1      | 884 ||| READING scroll labelled HOORCH MIOBYA.
   885 | D:1      | 885 ||| READING 3 scrolls labelled XAWKETH MOEJU.
   886 | D:1      | 886 ||| READING scroll labelled YDAIBO IXTIYSK.
   887 | D:1      | 887 ||| READING 3 scrolls labelled HIVU WUESTRO.
   892 | D:1      | 892 ||| READING 2 scrolls of identify.
   892 | D:1      | 892 ||| IDENTIFYING fizzy orange potion
   893 | D:1      | 893 ||| DROPPING scroll of poison.
   925 | D:2      | Found a faded altar of an unknown god.
   935 | D:2      | Reached skill level 4 in Ranged Weapons
   949 | D:2      | Found a hazy altar of Hepliaklqana.
  1112 | D:2      | Reached XP level 4. HP: 37/37 MP: 4/4
  1450 | D:2      | 1450 ||| FLEEEEING.
  1576 | D:2      | 1576 ||| UPGRADING to +0 pair of gloves.
  1581 | D:2      | 1581 ||| READING scroll labelled ODAF GEMONYS.
  1662 | D:3      | Reached skill level 1 in Armour
  1691 | D:3      | 1691 ||| READING scroll of enchant armour.
  1691 | D:3      | 1691 ||| ENCHANTING +0 pair of gloves.
  1797 | D:3      | Noticed Grinder
  1811 | D:3      | Paralysed by Grinder for 2 turns
  1820 | D:3      | Killed Grinder
  1821 | D:3      | Reached skill level 6 in Ranged Weapons
  1821 | D:3      | Reached XP level 5. HP: 42/42 MP: 5/5
  1821 | D:3      | Reached XP level 6. HP: 50/50 MP: 6/6
  2013 | D:3      | 2013 ||| READING scroll labelled ICIACZ XULAE.
  2014 | D:3      | 2014 ||| READING 2 scrolls labelled FEIREZ MAIFE.
  2015 | D:3      | 2015 ||| READING scroll labelled ZIEPPIBAOF.
  2016 | D:3      | 2016 ||| DRINKING 2 brown potions.
  2017 | D:3      | 2017 ||| DRINKING 2 bubbling red potions.
  2017 | D:3      | Gained mutation: You are weak. (Str -2) [potion of
                  | mutation]
  2018 | D:3      | 2018 ||| DROPPING scroll of fear.
  2073 | D:4      | Reached skill level 3 in Fighting
  2154 | D:4      | HP: 9/51 [killer bee (8)]
  2154 | D:4      | HP: 3/51 [killer bee (4)]
  2155 | D:4      | 2155 ||| READING 2 scrolls of teleportation.
  2155 | D:4      | HP: 1/52 [poisoned by a killer bee]
  2155 | D:4      | Slain by a killer bee

Levels and vault maps discovered:
D:1:      denvon_arrival_planthouse, layout_basic, kennysheep_flooded_box
D:2:      layout_basic, chequers_ecumenical_altar_simple_redux, basic_altar
D:3:      layout_rooms, uniq_grinder
D:4:      layout_cave_pools, uniq_pikel

Skill      XL: |  1  2  3  4  5  6 |
---------------+-------------------+-----
Ranged Weapons | 3 4 6 |  6.7
Fighting       | 2 4 |  4.0
Armour         | 1 |  1.0
Dodging        | |  2.1
Spellcasting   | |  1.0
Hexes          | |  2.0

Action                     |  1- 3 |  4- 6 || total
---------------------------+-------+-------++-------
   Fire: Sling             |    94 |   140 ||   234
    Use: Scroll            |     5 |     6 ||    11
         Potion            |       |     2 ||     2
 Armour: Robe              |     7 |       ||     7
         Ring mail         |     7 |    26 ||    33
  Dodge: Dodged            |    30 |    32 ||    62

Table legend:
 A = Non-vault XP
 B = Vault XP
 C = Vault XP percentage of total XP
 D = Non-vault monster count
 E = Vault monster count
 F = Vault count percentage of total count
                 A         B        C        D         E       F
            +---------+---------+-------+---------+---------+-------
      Total |     306 |     272 |  47.1 |      69 |       1 |   1.4
            +---------+---------+-------+---------+---------+-------
        D:1 |      64 |       0 |   0.0 |      30 |       0 |   0.0
        D:2 |      67 |       0 |   0.0 |      17 |       0 |   0.0
        D:3 |      32 |     272 |  89.5 |      15 |       1 |   6.2
        D:4 |     143 |       0 |   0.0 |       7 |       0 |   0.0
            +---------+---------+-------+---------+---------+-------
